IL
LOUISVILLE BATS @ COLORADO SPRINGS SKY SOX
05/18/2048
 
TOP OF THE 1ST
Louisville Bats batting - Pitching for Colorado Springs Sky Sox : LHP Cooper Bate
Pitching: LHP Cooper Bate
Batting: SHB Paul Sandoval 0-0: Foul Ball, location: 2F
0-1: Ball
1-1: Foul Ball, location: 2F
1-2: Ground out 3-1 (Groundball, 34, EV 96.9 MPH)
Batting: RHB Mike Alm 0-0: Ball
1-0: Ground out 5-3 (Groundball, 56, EV 107.5 MPH)
Batting: RHB Bruno André 0-0: Foul Ball, location: 2F
0-1: Swinging Strike
0-2: Ball
1-2: Ground out 6-3 (Groundball, 6, EV 92.5 MPH)
Top of the 1st over - 0 runs, 0 hits, 0 errors, 0 left on base; Louisville 0 - Colorado Springs 0
BOTTOM OF THE 1ST
Colorado Springs Sky Sox batting - Pitching for Louisville Bats : RHP Roberto Cortez
Pitching: RHP Roberto Cortez
Batting: LHB Steve Gilliam 0-0: Ball
1-0: Foul Ball, location: 2F
1-1: Ball
2-1: Foul Ball, location: 2F
2-2: Ball
3-2: Strikes out swinging
Batting: RHB Juan Figueroa 0-0: Ball
1-0: Ball
2-0: Foul Ball, location: 2F
2-1: Foul Ball, location: 2F
2-2: Ball
3-2: Foul Ball, location: 2F
3-2: Foul Ball, location: 2F
3-2: Foul Ball, location: 2F
3-2: Foul Ball, location: 2F
3-2: Foul Ball, location: 2F
3-2: Foul Ball, location: 2F
3-2: Foul Ball, location: 2F
3-2: Foul Ball, location: 2F
3-2: Strikes out looking
Batting: RHB Maurice Moore 0-0: Ball
1-0: Fly out, F9 (Line Drive, 9D, EV 98.8 MPH)
Bottom of the 1st over - 0 runs, 0 hits, 0 errors, 0 left on base; Louisville 0 - Colorado Springs 0
TOP OF THE 2ND
Louisville Bats batting - Pitching for Colorado Springs Sky Sox : LHP Cooper Bate
Batting: SHB Freddie Farrar 0-0: Ball
1-0: Ground out 5-3 (Groundball, 5, EV 82.5 MPH)
Batting: RHB Danny Real 0-0: Reached on error, E5 (Groundball, 56S, EV 86.9 MPH)
Batting: LHB Satoru Handa 0-0: Ball
Danny Real steals 2nd base (no throw)
1-0: Ball
2-0: Ground out U3 (Groundball, 3L, EV 85.0 MPH)
Danny Real to third
Batting: RHB Pedro Pinero 0-0: Called Strike
0-1: Ball
1-1: Swinging Strike
1-2: Foul Ball, location: 2F
1-2: Foul Ball, location: 2F
1-2: Strikes out swinging
Top of the 2nd over - 0 runs, 0 hits, 1 error, 1 left on base; Louisville 0 - Colorado Springs 0
BOTTOM OF THE 2ND
Colorado Springs Sky Sox batting - Pitching for Louisville Bats : RHP Roberto Cortez
Batting: LHB Michael Krott 0-0: Called Strike
0-1: Ball
1-1: Ball
2-1: Ball
3-1: Swinging Strike
3-2: Base on Balls
Batting: LHB Luke Coulter 0-0: Foul Ball, location: 2F
0-1: Ball
1-1: Ball
2-1: Foul Ball, location: 2F
2-2: Ball
3-2: Foul Ball, location: 2F
3-2: Foul Ball, location: 2F
3-2: Foul Ball, location: 2F
3-2: SINGLE (Groundball, 3D, EV 100.0 MPH)
Michael Krott to second
Runner from 2nd tries for 3rd, SAFE, throw by RF made to third
Batting: SHB Jamie Mims 0-0: Swinging Strike
0-1: Ball
1-1: Ball
2-1: DOUBLE (Flyball, 78D, EV 103.8 MPH)
Michael Krott scores
Luke Coulter to third
Batting: RHB John Stevenson 0-0: Foul Ball, location: 2F
0-1: Called Strike
0-2: Ball
1-2: Strikes out swinging
Batting: RHB Zach Sommer 0-0: Ball
1-0: Ball
2-0: Called Strike
2-1: TRIPLE (Line Drive, 9LD, EV 109.4 MPH)
Luke Coulter scores
Jamie Mims scores
Batting: RHB Kevin McKasson 0-0: Called Strike
0-1: Called Strike
0-2: Strikes out swinging
Batting: LHB Steve Gilliam 0-0: Foul Ball, location: 2F
0-1: Ball
1-1: Ball
2-1: Called Strike
2-2: Strikes out swinging
Bottom of the 2nd over - 3 runs, 3 hits, 0 errors, 1 left on base; Louisville 0 - Colorado Springs 3
TOP OF THE 3RD
Louisville Bats batting - Pitching for Colorado Springs Sky Sox : LHP Cooper Bate
Batting: RHB Colin Lord 0-0: Foul Ball, location: 2F
0-1: Fly out, F7 (Flyball, 78M, EV 95.0 MPH)
Batting: RHB Won-jun Park 0-0: Foul Ball, location: 2F
0-1: Ball
1-1: Swinging Strike
1-2: Ball
2-2: Strikes out swinging
Batting: SHB Paul Sandoval 0-0: Foul Ball, location: 2F
0-1: Fly out, F3 (Popup, 3SF, EV 75.0 MPH)
Top of the 3rd over - 0 runs, 0 hits, 0 errors, 0 left on base; Louisville 0 - Colorado Springs 3
BOTTOM OF THE 3RD
Colorado Springs Sky Sox batting - Pitching for Louisville Bats : RHP Roberto Cortez
Batting: RHB Juan Figueroa 0-0: Called Strike
0-1: Ball
1-1: Ground out U3 (Groundball, 34S, EV 80.0 MPH)
Batting: RHB Maurice Moore 0-0: Called Strike
0-1: Ball
1-1: Called Strike
1-2: Ball
2-2: Ball
3-2: Base on Balls
Batting: LHB Michael Krott 0-0: Foul Ball, location: 2F
0-1: Ball
1-1: Swinging Strike
1-2: Foul Ball, location: 2F
1-2: Ball
2-2: Foul Ball, location: 2F
2-2: Strikes out swinging
Batting: LHB Luke Coulter 0-0: Ball
1-0: Fielders Choice at 2nd, 6-4 (Groundball, 6, EV 89.4 MPH)
Bottom of the 3rd over - 0 runs, 0 hits, 0 errors, 1 left on base; Louisville 0 - Colorado Springs 3
TOP OF THE 4TH
Louisville Bats batting - Pitching for Colorado Springs Sky Sox : LHP Cooper Bate
Batting: RHB Mike Alm 0-0: Ball
1-0: Called Strike
1-1: Foul Ball, location: 2F
1-2: Ball
2-2: Ground out 5-3 (Groundball, 56, EV 106.9 MPH)
Batting: RHB Bruno André 0-0: Ball
1-0: Ball
2-0: Swinging Strike
2-1: Ball
3-1: Called Strike
3-2: Base on Balls
Batting: SHB Freddie Farrar 0-0: Ball
1-0: Foul Ball, location: 2F
1-1: Called Strike
1-2: Ground out 4-3 (Groundball, 13, EV 85.0 MPH)
Bruno André to second
Batting: RHB Danny Real 0-0: Called Strike
0-1: Foul Ball, location: 2F
0-2: Strikes out swinging
Top of the 4th over - 0 runs, 0 hits, 0 errors, 1 left on base; Louisville 0 - Colorado Springs 3
BOTTOM OF THE 4TH
Colorado Springs Sky Sox batting - Pitching for Louisville Bats : RHP Roberto Cortez
Batting: SHB Jamie Mims 0-0: SINGLE (Groundball, 4MD, EV 110.0 MPH)
Batting: RHB John Stevenson 0-0: Fly out, F8 (Flyball, 8LM, EV 91.2 MPH)
Batting: RHB Zach Sommer 0-0: Ball
1-0: Ball
2-0: Called Strike
2-1: Called Strike
2-2: Foul Ball, location: 2F
2-2: Strikes out swinging
Batting: RHB Kevin McKasson 0-0: Ball
1-0: Called Strike
1-1: Foul Ball, location: 2F
1-2: Foul Ball, location: 2F
1-2: SINGLE (Groundball, 6MD, EV 95.6 MPH)
Jamie Mims to second
Runner from 2nd tries for 3rd, SAFE, throw by CF made to third
Batting: LHB Steve Gilliam 0-0: Ball
1-0: Ball
2-0: Swinging Strike
2-1: Foul Ball, location: 2F
2-2: Ball
3-2: Strikes out swinging
Bottom of the 4th over - 0 runs, 2 hits, 0 errors, 2 left on base; Louisville 0 - Colorado Springs 3
TOP OF THE 5TH
Louisville Bats batting - Pitching for Colorado Springs Sky Sox : LHP Cooper Bate
Batting: LHB Satoru Handa 0-0: Called Strike
0-1: Ball
1-1: Ball
2-1: Ball
3-1: Base on Balls
Batting: RHB Pedro Pinero 0-0: Ball
1-0: Ball
2-0: SINGLE (Line Drive, 9S, EV 97.5 MPH)
Satoru Handa to second
Batting: RHB Colin Lord 0-0: Ball
1-0: Swinging Strike
1-1: SINGLE (Groundball, 4MD, EV 95.0 MPH)
Satoru Handa to third
Pedro Pinero to second
Runner from 3rd tries for Home, SAFE, throw by CF to home
Batting: RHB Won-jun Park 0-0: Called Strike
0-1: Foul Ball, location: 2F
0-2: Ball
1-2: Foul Ball, location: 2F
1-2: Ball
2-2: Strikes out swinging
Batting: SHB Paul Sandoval 0-0: Fly out, F8 (Flyball, 89D, EV 86.2 MPH)
Runner from 2nd tags up, SAFE at 3rd, no throw by CF
Batting: RHB Mike Alm 0-0: Fly out, F7 (Line Drive, 78M, EV 87.5 MPH)
Top of the 5th over - 1 run, 2 hits, 0 errors, 2 left on base; Louisville 1 - Colorado Springs 3
BOTTOM OF THE 5TH
Colorado Springs Sky Sox batting - Pitching for Louisville Bats : RHP Roberto Cortez
Pitching: RHP Sam Alexander
Batting: RHB Juan Figueroa 0-0: SINGLE (Groundball, 4MS, EV 73.8 MPH) (infield hit)
Batting: RHB Maurice Moore 0-0: Swinging Strike
0-1: Fielders Choice at 2nd, 4-6 (Groundball, 4, EV 91.9 MPH)
Batting: LHB Michael Krott 0-0: Ball
1-0: Grounds into double play, 6-4-3 (Groundball, 6, EV 80.6 MPH)
Bottom of the 5th over - 0 runs, 1 hit, 0 errors, 0 left on base; Louisville 1 - Colorado Springs 3
TOP OF THE 6TH
Louisville Bats batting - Pitching for Colorado Springs Sky Sox : LHP Cooper Bate
Batting: RHB Bruno André 0-0: Called Strike
0-1: Foul Ball, location: 2F
0-2: Ball
1-2: Ball
2-2: Ball
3-2: Fly out, F9 (Flyball, 9S, EV 81.2 MPH)
Batting: SHB Freddie Farrar 0-0: Ground out 6-3 (Groundball, P, EV 81.9 MPH)
Batting: RHB Danny Real 0-0: Called Strike
0-1: Foul Ball, location: 2F
0-2: Foul Ball, location: 2F
0-2: Strikes out swinging
Top of the 6th over - 0 runs, 0 hits, 0 errors, 0 left on base; Louisville 1 - Colorado Springs 3
BOTTOM OF THE 6TH
Colorado Springs Sky Sox batting - Pitching for Louisville Bats : RHP Sam Alexander
Batting: LHB Luke Coulter 0-0: Ball
1-0: Ball
2-0: Called Strike
2-1: Swinging Strike
2-2: Ground out 4-3 (Groundball, 4, EV 88.1 MPH)
Batting: SHB Jamie Mims 0-0: Called Strike
0-1: Called Strike
0-2: Ground out U3 (Groundball, 3L, EV 104.4 MPH)
Batting: RHB John Stevenson 0-0: Called Strike
0-1: Swinging Strike
0-2: SINGLE (Flyball, 56D, EV 89.4 MPH)
Batting: RHB Zach Sommer 0-0: Ball
1-0: Called Strike
1-1: Foul Ball, location: 2F
1-2: Strikes out swinging
Bottom of the 6th over - 0 runs, 1 hit, 0 errors, 1 left on base; Louisville 1 - Colorado Springs 3
TOP OF THE 7TH
Louisville Bats batting - Pitching for Colorado Springs Sky Sox : LHP Cooper Bate
Batting: LHB Satoru Handa 0-0: Ball
1-0: Ball
2-0: Fly out, F9 (Flyball, 89M, EV 91.2 MPH)
Batting: RHB Pedro Pinero 0-0: Reached on error, E5 (Groundball, 56, EV 103.8 MPH)
Batting: RHB Colin Lord 0-0: Ball
1-0: Grounds into double play, U6-3 (Groundball, P, EV 83.8 MPH)
Top of the 7th over - 0 runs, 0 hits, 1 error, 0 left on base; Louisville 1 - Colorado Springs 3
BOTTOM OF THE 7TH
Colorado Springs Sky Sox batting - Pitching for Louisville Bats : RHP Sam Alexander
Batting: RHB Kevin McKasson 0-0: Called Strike
0-1: Ground out 6-3 (Groundball, 6, EV 86.2 MPH)
Batting: LHB Steve Gilliam 0-0: Ball
1-0: Ball
2-0: Called Strike
2-1: SINGLE (Line Drive, 8LS, EV 106.2 MPH)
Batting: RHB Juan Figueroa 0-0: Ball
1-0: Ball
2-0: Called Strike
2-1: DOUBLE (Line Drive, 8RD, EV 100.0 MPH)
Steve Gilliam to third
Runner from 3rd tries for Home, SAFE, throw by CF to home
Batting: RHB Maurice Moore 0-0: Called Strike
0-1: Ball
1-1: Ball
2-1: Called Strike
2-2: Ball
3-2: SINGLE (Groundball, 56, EV 91.2 MPH) (infield hit)
Juan Figueroa to third
Batting: LHB Michael Krott 0-0: Foul Ball, location: 2F
0-1: Ball
1-1: Ball
2-1: Ball
3-1: Base on Balls
Maurice Moore to second
Batting: LHB Luke Coulter 0-0: Ball
1-0: Fly out, F3 (Line Drive, 3, EV 68.1 MPH)
Lined into DP, U3 (Line Drive, 3, EV 70.0 MPH)
Bottom of the 7th over - 1 run, 3 hits, 0 errors, 2 left on base; Louisville 1 - Colorado Springs 4
TOP OF THE 8TH
Louisville Bats batting - Pitching for Colorado Springs Sky Sox : LHP Cooper Bate
Batting: RHB Won-jun Park 0-0: Called Strike
0-1: Called Strike
0-2: Ball
1-2: Ball
2-2: Ground out 5-3 (Groundball, 56S, EV 85.0 MPH)
Batting: SHB Paul Sandoval 0-0: Ground out 3-1 (Groundball, 34, EV 100.0 MPH)
Batting: RHB Mike Alm 0-0: Called Strike
0-1: Ground out 1-3 (Groundball, 13S, EV 65.6 MPH)
Top of the 8th over - 0 runs, 0 hits, 0 errors, 0 left on base; Louisville 1 - Colorado Springs 4
BOTTOM OF THE 8TH
Colorado Springs Sky Sox batting - Pitching for Louisville Bats : RHP Sam Alexander
Pitching: RHP Joaquin Villalobos
Batting: SHB Jamie Mims 0-0: SINGLE (Line Drive, 8LS, EV 97.5 MPH)
Batting: RHB John Stevenson 0-0: Bunted foul
0-1: Ball
1-1: Bunted foul
1-2: Ball
2-2: Ball
3-2: Fly out, F7 (Flyball, 78M, EV 81.9 MPH)
Batting: RHB Zach Sommer 0-0: Ball
1-0: Called Strike
1-1: Ball
2-1: Fly out, F8 (Flyball, 8RD, EV 98.1 MPH)
Batting: RHB Kevin McKasson 0-0: Called Strike
0-1: Ground out 4-3 (Groundball, 4, EV 84.4 MPH)
Bottom of the 8th over - 0 runs, 1 hit, 0 errors, 1 left on base; Louisville 1 - Colorado Springs 4
TOP OF THE 9TH
Louisville Bats batting - Pitching for Colorado Springs Sky Sox : LHP Cooper Bate
Pitching: RHP Jim Butler
Batting: RHB Bruno André 0-0: Swinging Strike
0-1: Ball
1-1: Ball
2-1: Ball
3-1: Swinging Strike
3-2: Foul Ball, location: 2F
3-2: Strikes out swinging
Batting: SHB Freddie Farrar 0-0: Swinging Strike
0-1: Ball
1-1: Foul Ball, location: 2F
1-2: Ball
2-2: Ball
3-2: Foul Ball, location: 2F
3-2: Ground out 4-3 (Groundball, 4D, EV 83.1 MPH)
Batting: RHB Danny Real 0-0: Ball
1-0: Ball
2-0: Fly out, F9 (Flyball, 89M, EV 90.6 MPH)
Top of the 9th over - 0 runs, 0 hits, 0 errors, 0 left on base; Louisville 1 - Colorado Springs 4
Tuesday, March 28th , 2023 - OOTP Baseball 23.10 Build 110